Map: Moondance

Players

Electrician

  • Race: Zerg Zerg
  • League: Master
  • Spawn Location: 12:00

VOD

Have the link to the VOD?

Description

Time

  • Played on: July 29, 2022, 6:41 p.m.
  • Length: 4:25
Show
View Real Time Build Order
Export as new Build Order

Electrician Zerg 

Build Orders:  

Get SALT Encoding   

  12  0:01  Drone  
  13  0:22  Extractor  
  12  0:35  Spawning Pool  
  11  0:42  Drone  
  11  0:47  Drone  
  13  0:55  Drone  
  14  1:10  Overlord  
  14  1:42  Zergling x4  
  14  1:44  Zergling x2  
  17  2:05  Zergling x2  
  18  2:14  Zergling x2  
  19  2:24  Baneling Nest  
  18  2:32  Zergling x2  
  18  2:37  Queen  
  21  2:40  Metabolic Boost  
  21  2:52  Overlord  
  21  3:04  Zergling x2  
  22  3:29  Baneling x2  
  22  3:37  Zergling x4  
Tags
 
League
Master
Matchup
Co-op
Add a new tag
Caveats
  • Supply blocks, unpowered buildings, or Contaminate may cause inaccurate times.
  • Supply counts are checked every 10 seconds.